 Dungeon Crawl Stone Soup version 0.31-a0-83-gbff143cfd1 (webtiles) character file.

Game seed: 13073977423556088593

11 Esekla the Sneak (level 2, 21/21 HPs)
             Began as an Octopode Delver on May 24, 2023.
             Quit the game on level 5 of the Dungeon.
             The game lasted 00:01:32 (131 turns).

Esekla the Sneak (Octopode Delver)                   Turns: 131, Time: 00:01:32

Health: 21/21      AC:  1    Str: 11    XL:     2   Next: 29%
Magic:  2/2        EV: 13    Int: 12    God:
Gold:   0          SH:  0    Dex: 13    Spells: 1/1 levels left

rFire   . . .        a - +0 falchion
rCold   . . .        (no shield)
rNeg    . . .        (helmet restricted)
rPois   .            (no amulet)
rElec   .            (no ring)
rCorr   .            (no ring)
SInv    .            (no ring)
Will    .....        (no ring)
Stlth   ++++         (no ring)
HPRegen 0.23/turn    (no ring)
MPRegen 0.08/turn    (no ring)
                     (no ring)

%: no passive effects
@: hasted, very quick
A: almost no armour, amphibious, 8 rings, camouflage 1, gelatinous body 1,
(nimble swimmer 1), tentacles
a: no special abilities


You were on level 5 of the Dungeon.
You visited 1 branch of the dungeon, and saw 1 of its levels.

Inventory:

Hand Weapons
 a - a +0 falchion (weapon)
Wands
 f - a wand of digging (3)
Scrolls
 b - a scroll of fog
 d - a scroll of fear


   Skills:
 * Level 3.1 Fighting
 * Level 2.1 Long Blades
 * Level 2.1 Dodging
 + Level 6.9 Stealth
 * Level 0.3 Spellcasting


You had one spell level left.
You didn't know any spells.
Your spell library was empty.

Dungeon Overview and Level Annotations

Branches:
Dungeon (5/15)
 Temple: D:4-7

Altars:
Zin
The Shining One


Innate Abilities, Weirdness & Mutations

You cannot wear most types of armour.
You are amphibious.
You can wear up to eight rings at the same time.
Your skin changes colour to match your surroundings (Stealth+).
Your rubbery body absorbs attacks. (AC +1, EV +1)
((You are camouflaged when in or above water. (Stealth+)))
You have tentacles for arms and can constrict up to eight enemies at once.


Message History

A dart slug comes into view.
You hit the dart slug. You grab the dart slug.
The dart slug is severely wounded.
You constrict the dart slug. The dart slug launches a dart at you.
The slug dart hits you.
You hit the dart slug.
You kill the dart slug!
An adder comes into view.
Found a mace.
An adder comes into view.
Found a glowing silver altar of Zin.
The helpless adder fails to defend itself.
You hit the adder. You grab the adder.
The adder is moderately wounded.
You constrict the adder. The adder closely misses you. The adder bites you.
You hit the adder but do no damage. Your squeeze misses the adder.
The adder is heavily wounded.
You constrict the adder. The adder closely misses you. The adder bites you.
You barely miss the adder.
The adder is severely wounded.
You constrict the adder.
You kill the adder!
You have reached level 2!
You start resting.
HP restored.
Found a leather armour.
An orc and an orc wizard come into view.
The orc shouts!
The orc moves out of view.
An orc comes into view. It is wielding a +0 short sword.
The orc wizard gestures wildly while chanting.
The orc wizard flickers and vanishes!
Deactivating autopickup; reactivate with Ctrl-A.
The orc moves out of view.
You hear a shout! x2
You feel yourself speed up.
An orc priest comes into view. It is wielding a +0 club.
Found a glowing golden altar of the Shining One.
Are you sure you want to abandon this character and quit the game? (Confirm with "yes".)

*,,***,****,* *,*,,,,,*,,*****
*,,* *,****,***,*,,,,,*,,,,,,*
#..***,**,,,,,,,,,,,,,,,****,*
#...,,,,,,,,,,,,,,,,,,*,* *,*
#..#********************* ***
#..# ##### ...### #...# ****
#..o.### #._.# ***,,, .....[.##
#@..# *,,,,, #.......#### ###.###
**,,,,,
#..#....o#.####8...8####***,,,,,*
...##.....o.##.........#*,,,,,,,*
#..##.#.....o............,,,,****
#..####.##...............,****
#..# ######..##....#####,* ...#
#####.#### *** ..#### ###
###########


There were no monsters in sight!

Vanquished Creatures
  An adder (D:5)
  A dart slug (D:5)
2 creatures vanquished.

Notes
Turn   | Place    | Note
-------+----------+-------------------------------------------
     0 | D:5      | Esekla the Octopode Delver began the quest for the Orb.
     0 | D:5      | Reached XP level 1. HP: 16/16 MP: 1/1
    44 | D:5      | Found a glowing silver altar of Zin.
    50 | D:5      | Reached XP level 2. HP: 16/21 MP: 2/2
   126 | D:5      | Found a glowing golden altar of the Shining One.
   131 | D:5      | Quit the game

Illustrated notes

Levels and vault maps discovered:
D:5:      layout_basic, zin_academy, nicolae_tso_carved_into_rock, uniq_sigmund

Action                     || total
---------------------------++-------
  Melee: Falchion          ||     5
         Constrict         ||     2
    Use: Scroll            ||     1
         Potion            ||     1
   Stab: Sleeping          ||     1
  Dodge: Dodged            ||     2

Table legend: (Time is in decaauts)
 A = Elapsed time spent in this place.
 B = Non-inter-level travel time spent in this place.
 C = Inter-level travel time spent in this place.
 D = Time resting spent in this place.
 E = Time spent auto-exploring this place.
 F = Levels seen in this place.
 G = Mean time per level.
                   A        B        C        D        E       F      G
               +--------+--------+--------+--------+--------+-----+--------+
         Total |    126 |    126 |      0 |     14 |      0 |   1 |  126.0 |
       Dungeon |    126 |    126 |      0 |     14 |      0 |   1 |  126.0 |
               +--------+--------+--------+--------+--------+-----+--------+

Top non-repeatable levels by time:
     D:5: 126 daAuts
